 Dungeon Crawl Stone Soup version 0.30-a0-857-gcaf70739d4 (webtiles) character file.

Game seed: 8572277364060168812

28 Maxmaps the Skirmisher (level 3, 0/46 HPs)
             Began as a Gnoll Hunter on Mar 5, 2023.
             Slain by a gnoll
             ... wielding a +0 whip
              (3 damage)
             ... on level 1 of the Dungeon.
             The game lasted 00:00:37 (777 turns).

Maxmaps the Skirmisher (Gnoll Hunter)                Turns: 777, Time: 00:00:38

Health: 0/46       AC: 21    Str: 10    XL:     3   Next: 12%
Magic:  4/4        EV:  2    Int: 10    God:
Gold:   41         SH:  0    Dex: 15    Spells: 3/3 levels left

rFire   . . .      SeeInvis .    a - +0 shortbow
rCold   . . .      Faith    .    (shield currently unavailable)
rNeg    . . .      Spirit   .    c - melded +0 leather armour
rPois   +          Reflect  .    (helmet currently unavailable)
rElec   .          Rampage  .    (cloak currently unavailable)
rCorr   .          NoTele   +    g - melded +1 pair of gloves
Will    .....                    (boots currently unavailable)
Stlth   ++                       i - amulet of magic regeneration
HPRegen 0.27/turn                d - +4 ring of slaying
MPRegen 0.49/turn                (no ring)

@: tree-form
A: stationary, stasis, torment immunity, boosted hp, (fangs 1), strong nose,
distributed training
a: no special abilities


You were on level 1 of the Dungeon.
You were a tree.
You visited 1 branch of the dungeon, and saw 2 of its levels.

You collected 41 gold pieces.

Inventory:

Hand Weapons
 a - a +0 shortbow (weapon)
Armour
 c - a +0 leather armour (melded)
 g - a +1 pair of gloves (melded)
Jewellery
 d - a +4 ring of slaying (left branch)
 i - an amulet of magic regeneration (around neck)
Scrolls
 b - a scroll of immolation
 e - a scroll of blinking {unknown}
 h - a scroll of poison {unknown}


   Skills:
 + Level 4.5 Fighting
 + Level 0.7 Short Blades
 + Level 0.7 Long Blades
 + Level 0.7 Axes
 + Level 0.7 Maces & Flails
 + Level 0.7 Polearms
 + Level 0.7 Staves
 + Level 8.5 Ranged Weapons
 + Level 0.7 Throwing
 + Level 0.7 Armour
 + Level 4.5 Dodging
 + Level 2.3 Stealth
 + Level 0.7 Shields
 + Level 0.7 Unarmed Combat
 + Level 0.7 Spellcasting
 + Level 0.5 Conjurations
 + Level 0.5 Hexes
 + Level 0.5 Summonings
 + Level 0.5 Necromancy
 + Level 0.5 Translocations
 + Level 0.5 Transmutations
 + Level 0.5 Fire Magic
 + Level 0.5 Ice Magic
 + Level 0.5 Air Magic
 + Level 0.5 Earth Magic
 + Level 0.5 Poison Magic
 + Level 0.9 Invocations
 + Level 0.7 Evocations


You had 3 spell levels left.
You didn't know any spells.
Your spell library was empty.

Dungeon Overview and Level Annotations

Branches:
Dungeon (2/15)

Altars:
Nemelex Xobeh


Innate Abilities, Weirdness & Mutations

You are a tree.
Your roots penetrate the ground, keeping you stationary.
You cannot be teleported.
You are immune to unholy pain and torment.
Your maximum health is greatly increased.
Your equipment is partially melded.
((You have very sharp teeth.))
Your uncanny sense of smell can sniff out nearby items.
Your experience applies equally to all skills.


Message History

There is a stone staircase leading down here.
You climb downwards.
The goblin shouts!
The gnoll shouts! x4
Found 2 datura-tipped darts and 3 stones.
Found a sparkling altar of Nemelex Xobeh.
There is a stone staircase leading up here.
There are monsters nearby!
There are monsters nearby!
You shoot an arrow. The arrow barely misses the gnoll.
The arrow hits the giant cockroach.
The giant cockroach is almost dead.
The goblin hits you but does no damage. The gnoll barely misses you.
There are monsters nearby!
You shoot an arrow. The arrow hits the gnoll!
The gnoll is heavily wounded.
The gnoll hits you with a +0 whip. x2; The gnoll barely misses you.
The goblin completely misses you.
You shoot an arrow. The arrow barely misses the gnoll.
The arrow hits the giant cockroach.
You kill the giant cockroach!
The gnoll hits you with a +0 flail. The gnoll closely misses you. x2
The gnoll hits you with a +0 whip. The goblin hits you but does no damage.
The gnoll barely misses you. The gnoll misses you.
The gnoll closely misses you. The goblin closely misses you.
You climb upwards.
There is a stone staircase leading down here.
The gnoll hits you with a +0 whip. The gnoll hits you with a +0 whip.
The gnoll attacks as you move away! The gnoll hits you with a +0 whip.
The gnoll attacks as you move away! The gnoll barely misses you.
The gnoll attacks as you move away! The gnoll hits you with a +0 flail.
* * * LOW HITPOINT WARNING * * *
The gnoll attacks as you move away! The gnoll hits you with a +0 flail.
* * * LOW HITPOINT WARNING * * *
The gnoll attacks as you move away! The gnoll misses you.
It was a potion of lignification.
You turn into a tree.
Your +1 pair of gloves melds into your body.
Your +0 leather armour melds into your body.
Your roots penetrate the ground.
The gnoll hits you with a +0 whip.
You die...

####.########....# #......# #.#
#.......### ##...# #......####.#
..........## ##..# #...........#
..#####....## #..# #......#.....
#########...# #..########........
#.......##..####......# #.##.....
..##'##..#...# #[#.##.# #.##.....
.##...##.##..# #.#.##.# #.##.....
.##.<.##.##..# #♣#.##.###.####.#.
.##...##.##..# #g#.##.....####.##
..#####..#...# #g#...........#.#
#.......##..####g###########.#.##
####.####...# #.g#>.....####.#.##
..##'##....## #..#....#.#....)...
..........## ##...g...#.#.##.....
#.......### ##......).#...##.....
#############.......>.######.....


You could see 3 gnolls and a goblin.

Vanquished Creatures
  4 ball pythons (D:1)
  4 endoplasms (D:1)
  5 giant cockroaches
  2 goblins (D:1)
  A quokka (D:1)
  4 bats (D:1)
  A kobold (D:1)
21 creatures vanquished.

Notes
Turn   | Place    | Note
-------+----------+-------------------------------------------
     0 | D:1      | Maxmaps the Gnoll Hunter began the quest for the Orb.
     0 | D:1      | Reached XP level 1. HP: 20/20 MP: 1/1
   118 | D:1      | Reached XP level 2. HP: 26/26 MP: 2/2
   502 | D:1      | Reached XP level 3. HP: 31/31 MP: 3/3
   762 | D:2      | Found a sparkling altar of Nemelex Xobeh.
   774 | D:1      | HP: 1/31 [gnoll/+0 flail (4)]
   777 | D:1      | Slain by a gnoll

Illustrated notes

Levels and vault maps discovered:
D:1:      dpeg_arrival_concentric_ovals, layout_basic, hangedman_decor_slide_cut
D:2:      layout_basic, basic_altar, kennysheep_small_spiral, minmay_vboxes

Action                     || total
---------------------------++-------
   Fire: Shortbow          ||    59
    Use: Potion            ||     1
 Armour: Leather armour    ||     4
  Dodge: Dodged            ||    21

Table legend: (Time is in decaauts)
 A = Elapsed time spent in this place.
 B = Non-inter-level travel time spent in this place.
 C = Inter-level travel time spent in this place.
 D = Time resting spent in this place.
 E = Time spent auto-exploring this place.
 F = Levels seen in this place.
 G = Mean time per level.
                   A        B        C        D        E       F      G
               +--------+--------+--------+--------+--------+-----+--------+
         Total |    784 |    737 |     47 |      0 |    615 |   2 |  392.0 |
       Dungeon |    784 |    737 |     47 |      0 |    615 |   2 |  392.0 |
               +--------+--------+--------+--------+--------+-----+--------+

Top non-repeatable levels by time:
     D:1: 779 daAuts
     D:2: 5 daAuts
